 Dungeon Crawl Stone Soup version 0.31-a0-1074-g0b22e4e0f1 (webtiles) character file.

Game seed: 5653610884120415202

67 cowhearter the Cutter (level 4, -1/29 HPs)
             Began as a Kobold Monk on Dec 6, 2023.
             Slain by a goblin
             ... wielding a +0 club
             ... led by Robin
              (2 damage)
             ... on level 2 of the Dungeon.
             The game lasted 00:05:59 (2238 turns).

cowhearter the Cutter (Kobold Monk)                 Turns: 2238, Time: 00:06:03

Health: -1/29      AC:  3    Str:  8 (11) XL:     4   Next: 40%
Magic:  4/4        EV: 16    Int: 12 (13) God:
Gold:   25         SH:  0    Dex: 17 (19) Spells: 3/3 levels left

rFire   + . .        r - +1 dagger of Drought {spect, rN+ Str+3 Int+2}
rCold   . . .        (no shield)
rNeg    + . .        b - +0 robe
rPois   .            (no helmet)
rElec   .            m - +0 cloak
rCorr   .            (no gloves)
SInv    .            (no boots)
Will    .....        (no amulet)
Stlth   +++          g - ring of protection from fire
HPRegen 0.24/turn    (no ring)
MPRegen 0.09/turn

%: no passive effects
@: no status effects
A: small, no large weapons, nightstalker 3
a: no special abilities


You were on level 2 of the Dungeon.
You visited 1 branch of the dungeon, and saw 2 of its levels.

You collected 151 gold pieces.
You spent 126 gold pieces at shops.

Inventory:

Hand Weapons
 a - a +0 short sword
 r - the +1 dagger of Drought (weapon) {spect, rN+ Str+3 Int+2}
   (You bought it in a shop on level 2 of the Dungeon)

   Str+3:     It affects your strength (+3).
   Int+2:     It affects your intelligence (+2).
   rN+:       It protects you from negative energy.
Armour
 b - a +0 robe (worn)
 d - an orb of light
 m - a +0 cloak (worn)
Jewellery
 g - a ring of protection from fire (left hand)
 k - a ring of magical power
Scrolls
 e - 5 scrolls of identify {unknown}
 f - a scroll of fear {unknown}
 h - a scroll of poison {unknown}
Potions
 c - a potion of ambrosia
 i - a potion of might {unknown}
 j - a potion of degeneration
 l - a potion of invisibility {unknown}
 n - a potion of enlightenment {unknown}
 o - a potion of heal wounds {unknown}
 p - 2 potions of curing {unknown}
 q - a potion of cancellation {unknown}
 s - a potion of attraction {unknown}


   Skills:
 + Level 3.8 Fighting
 * Level 5.4 Short Blades
 + Level 4.0 Dodging
 + Level 1.9 Stealth


You had 3 spell levels left.
You didn't know any spells.
Your spell library contained the following spells:

 Spells                   Type           Power      Damage    Failure   Level
 Brom's Barrelling Bould  Conj/Erth      0%         2d3       97%         4
 Fireball                 Conj/Fire      0%         3d3       100%        5
 Iskenderun's Battlesphe  Conj           0%         2d6       100%        5
 Conjure Ball Lightning   Conj/Air       0%         3x3d6     100%        6
 Orb of Destruction       Conj           0%         9d5       100%        7


Dungeon Overview and Level Annotations

Branches:
Dungeon (2/15)

Altars:

Shops:
D:1 ?   D:2 *

Annotations:
D:2 Robin


Innate Abilities, Weirdness & Mutations

You are small and have problems with some larger weapons.
You are completely attuned to the shadows.


Message History

You hit the goblin.
The goblin is heavily wounded.
Your +1 dagger of Drought {spect, rN+ Str+3 Int+2} barely misses the goblin.
The goblin closely misses you.
A goblin comes into view. It is wielding a +0 dagger.
The goblin misses your +1 dagger of Drought {spect, rN+ Str+3 Int+2}.
The goblin misses you. Robin throws the goblin at you!
You closely miss the goblin.
The goblin is heavily wounded.
Your +1 dagger of Drought {spect, rN+ Str+3 Int+2} hits the goblin.
You kill the goblin!
You closely miss the goblin.
Your +1 dagger of Drought {spect, rN+ Str+3 Int+2} barely misses the goblin.
The goblin hits you with a +0 dagger.
You hit the goblin.
The goblin is heavily wounded.
Your +1 dagger of Drought {spect, rN+ Str+3 Int+2} hits the goblin.
You kill the goblin!
The goblin hits you with a +0 dagger. The goblin hits you with a +0 club.
Your +1 dagger of Drought {spect, rN+ Str+3 Int+2} disappears.
Robin throws the goblin at you! The goblin hits you with a +0 dagger.
* * * LOW HITPOINT WARNING * * *
The goblin attacks as it pursues you! The goblin closely misses you.
The goblin hits you with a +0 dagger.
* * * LOW HITPOINT WARNING * * *
You hit the goblin.
The goblin is moderately wounded.
Your +1 dagger of Drought {spect, rN+ Str+3 Int+2} closely misses the goblin.
The goblin closely misses you. The goblin hits you with a +0 dagger.
* * * LOW HITPOINT WARNING * * *
The goblin hits you with a +0 club.
* * * LOW HITPOINT WARNING * * *
The goblin closely misses you.
It was a potion of degeneration.
There was something very wrong with that liquid.
You feel weakened.
You feel dopey.
You feel clumsy.
Your +1 dagger of Drought {spect, rN+ Str+3 Int+2} disappears.
The goblin barely misses you. The goblin hits you but does no damage.
The goblin hits you with a +0 club.
You die...

#####.......#
#.##.#..♣#..# #
............#
#.##.#...#..###
####........#
#....#♣.∩#.....
#.......####
###########.###
#....#### ..### #.#
#.... #####...#
....## #.#######.
..†##..## g.###.g.##
#.....###. ....##.#
.g##$##gg.#
#####.##..
†..[.#.###....##@g.#
#.....#..#
...(.#.#.######.g.##
#####.....
.....#.#.........##
#.#.#..#
.....#.......).###
#...#..#
....##.#....####...
##.###..#
...###.#####........
#.......# ####
#.#....####...#
#####.#.. ...#
#.........### #.#.#
...# ###.........##
##.#.#


You could see Robin and 4 goblins.

Vanquished Creatures
  An adder (D:2)
  2 worms (D:2)
  A dart slug (D:2)
  3 ball pythons (D:2)
  A bat (D:1)
  3 endoplasms
  11 giant cockroaches
  5 goblins (D:2)
  4 hobgoblins
  A quokka (D:2)
  6 kobolds
  6 rats
44 creatures vanquished.

Notes
Turn   | Place    | Note
-------+----------+-------------------------------------------
     0 | D:1      | cowhearter the Kobold Monk began the quest for the Orb.
     0 | D:1      | Reached XP level 1. HP: 14/14 MP: 1/1
   406 | D:1      | Reached XP level 2. HP: 19/19 MP: 2/2
   542 | D:1      | Found Igeucs's Magic Scroll Shop.
   923 | D:2      | Reached skill level 1 in Stealth
   923 | D:2      | Reached XP level 3. HP: 23/23 MP: 3/3
   975 | D:2      | Reached skill level 5 in Short Blades
  1118 | D:2      | Found a faded altar of an unknown god.
  1222 | D:2      | Found Mouqun's Assorted Antiques.
  1446 | D:2      | Noticed Robin
  1920 | D:2      | Bought an ivory dagger for 126 gold pieces
  1920 | D:2      | Identified the +1 dagger of Drought {spect, rN+ Str+3
                  | Int+2} (You bought it in a shop on level 2 of the Dungeon)
  1988 | D:2      | Reached XP level 4. HP: 29/29 MP: 4/4
  2237 | D:2      | HP: 1/29 [goblin/+0 club[Robin] (4)]
  2238 | D:2      | Slain by a goblin

Illustrated notes

Levels and vault maps discovered:
D:1:      heliophobic_arrival_ceremonial_halls, layout_basic, serial_shops,
          nicolae_shop_tiny_waterfront
D:2:      minmay_roachtagon, layout_basic,
          shapermc_ecumenical_altar_mp_urbaneastern, serial_shops,
          nicolae_shop_pleasant_corner_grove, amethyst_killhole, minmay_puff,
          uniq_robin

Skill      XL: |  1  2  3  4 |
---------------+-------------+-----
Stealth        | 1 |  1.9
Short Blades   | 5 |  5.4
Dodging        | 4 |  4.0
Fighting       | |  3.8

Action                     |  1- 3 |  4- 6 || total
---------------------------+-------+-------++-------
  Melee: Short sword       |   102 |       ||   102
         Punch             |     4 |     1 ||     5
         Dagger            |     5 |    52 ||    57
    Use: Potion            |       |     1 ||     1
   Stab: Sleeping          |    11 |     1 ||    12
         Distracted        |       |     1 ||     1
 Armour: Robe              |    19 |    25 ||    44
  Dodge: Dodged            |    50 |    48 ||    98

Table legend: (Time is in decaauts)
 A = Elapsed time spent in this place.
 B = Non-inter-level travel time spent in this place.
 C = Inter-level travel time spent in this place.
 D = Time resting spent in this place.
 E = Time spent auto-exploring this place.
 F = Levels seen in this place.
 G = Mean time per level.
                   A        B        C        D        E       F      G
               +--------+--------+--------+--------+--------+-----+--------+
         Total |   2197 |   1953 |    244 |     43 |   1357 |   2 | 1098.5 |
       Dungeon |   2197 |   1953 |    244 |     43 |   1357 |   2 | 1098.5 |
               +--------+--------+--------+--------+--------+-----+--------+

Top non-repeatable levels by time:
     D:2: 1368 daAuts
     D:1: 828 daAuts
